 Dungeon Crawl Stone Soup version 0.28-a0-32-g8dfe7f97f6 (webtiles) character file.

Game seed: 8900939042096162942

446 zazu2006 the Magician (level 7, -1/61 HPs)
             Began as a Naga Hedge Wizard on July 27, 2021.
             Slain by an orc (5 damage)
             ... on level 4 of the Dungeon.
             The game lasted 00:05:32 (3741 turns).

zazu2006 the Magician (Naga Hedge Wizard)           Turns: 3741, Time: 00:05:33

Health: -1/61      AC:  4    Str: 13    XL:     7   Next: 3%
Magic:  3/14       EV: 10    Int: 16    God:
Gold:   175        SH:  0    Dex: 10    Spells: 7/16 levels left

rFire   . . .      SeeInvis +   k - +2 short sword (protect)
rCold   . . .      Faith    .   (no shield)
rNeg    . . .      Spirit   .   b - +0 robe
rPois   +          Reflect  .   c - +0 hat
rElec   .          Harm     .   j - +0 cloak
rCorr   .          Rampage  .   (no gloves)
Will    .....                   (no barding)
Stlth   ++........              (no amulet)
HPRegen 0.20/turn               (no ring)
MPRegen 0.14/turn               (no ring)

@: mighty, lethally poisoned (-1 -> -5), flying, hasted, quick
A: AC +2, large, see invisible, deformed body, poison resistance, slowness 2,
spit poison 1, naga tail 1
a: Spit Poison


You were on level 4 of the Dungeon.
You visited 1 branch of the dungeon, and saw 6 of its levels.

You collected 175 gold pieces.

Inventory:

Hand Weapons
 k - a +2 short sword of protection (weapon)
Armour
 b - a +0 robe (worn)
 c - a +0 hat (worn)
 j - a +0 cloak (worn)
Scrolls
 f - a scroll of vulnerability {unknown}
 g - 2 scrolls of silence {unknown}
 h - 3 scrolls of magic mapping {unknown}
 i - 3 scrolls of identify {unknown}
 l - a scroll of fear {unknown}
 m - 2 scrolls of teleportation {unknown}
 p - a scroll of enchant armour {unknown}
Potions
 d - a potion of curing {unknown}
 e - 2 potions of might
 o - a potion of heal wounds {unknown}


   Skills:
 + Level 2.8 Fighting
 + Level 2.1 Dodging
 + Level 3.7 Stealth
 + Level 5.0 Spellcasting
 + Level 3.6 Conjurations
 + Level 1.0 Summonings
 + Level 1.0 Translocations
 + Level 0.1 Air Magic


You had 7 spell levels left.
You knew the following spells:

 Your Spells              Type           Power      Damage    Failure   Level
a - Magic Dart            Conj           60%        1d6       3%          1
b - Mephitic Cloud        Conj/Pois/Air  8%         N/A       26%         3
c - Conjure Flame         Conj/Fire      9%         6-21      22%         3
d - Blink                 Tloc           N/A        N/A       16%         2

Your spell library contained the following spells:

 Spells                   Type           Power      Damage    Failure   Level
 Static Discharge         Conj/Air       10%        N/A       11%         2
 Call Imp                 Summ           7%         N/A       16%         2
 Ensorcelled Hibernation  Hex/Ice        8%         N/A       22%         2
 Slow                     Hex            4%         N/A       22%         2
 Spider Form              Tmut/Pois      2%         N/A       41%         3
 Lightning Bolt           Conj/Air       5%         1d17      89%         5
 Shadow Creatures         Summ           N/A        N/A       100%        6
 Maxwell's Capacitive Co  Air            2%         ∞         100%        8


Dungeon Overview and Level Annotations

Branches:
Dungeon (6/15)
 Temple: D:4-7

Altars:
Cheibriados
Dithmenos
Fedhas
Kikubaaqudgha
Trog


Innate Abilities, Weirdness & Mutations

Your serpentine skin is tough. (AC +2)
You have supernaturally acute eyesight. (SInv)
Armour fits poorly on your strangely shaped body.
Your system is resistant to poisons. (rPois)
You cover ground very slowly.
You can spit poison.
You have a snake-like lower body.


Message History

The scorpion is severely wounded.
The scorpion stings you!
* * * LOW HITPOINT WARNING * * *
You are poisoned.
The scorpion poisons you! The orc closely misses you.
The scorpion barely misses you.
A hound comes into view.
Casting: Magic Dart (safe; 3% risk of failure)
Confirm with . or Enter, or press ? or * to list all spells.
Aiming: Magic Dart (safe; 3% risk of failure)
Press: ? - help, Shift-Dir - straight line, f/p - scorpion
Aim: a scorpion (severely wounded, poisoned, 100% to hit)
The magic dart hits the scorpion but does no damage.
The scorpion is severely wounded.
The hound barks!
* * * LOW HITPOINT WARNING * * *
You feel very sick. The orc hits you with a +0 flail.
* * * LOW HITPOINT WARNING * * *
The scorpion barely misses you.
It was a potion of might.
You feel very mighty all of a sudden.
You feel sick. The orc hits you with a +0 flail.
* * * LOW HITPOINT WARNING * * *
The scorpion stings you.
* * * LOW HITPOINT WARNING * * *
Unknown command.
It was a potion of flight.
You feel very buoyant.
You fly up into the air.
* * * LOW HITPOINT WARNING * * *
You feel sick.
You kill the scorpion!
The orc hits you but does no damage.
Your Spellcasting skill increases to level 5!
You have reached level 7!
It was a potion of haste.
You feel yourself speed up.
* * * LOW HITPOINT WARNING * * *
You feel sick. The orc hits you with a +0 flail.
You die...

#.##..#
.o#..# #
#.#..# ..
....# ...
#...##.. .
#..... ...
#...#
.....#####..#
........@oh>#
####.########


You could see a hound and an orc.

Vanquished Creatures
  A black bear (D:3)
  A scorpion (D:4)
  A bullfrog zombie (D:5)
  A jelly (D:5)
  An orc priest (D:4)
  A hound (D:5)
  An iguana (D:5)
  An orc wizard (D:4)
  3 gnolls (D:4)
  2 adders (D:5)
  3 worms
  A dart slug (D:3)
  11 orcs
  6 bats
  4 endoplasms
  3 giant cockroaches
  A goblin (D:3)
  5 hobgoblins
  5 kobolds
  3 quokkas
  6 ball pythons
  5 frilled lizards
  4 rats
70 creatures vanquished.

Notes
Turn   | Place    | Note
-------+----------+-------------------------------------------
     0 | D:1      | zazu2006 the Naga Hedge Wizard began the quest for the Orb.
     0 | D:1      | Reached XP level 1. HP: 15/15 MP: 4/4
   389 | D:1      | Reached XP level 2. HP: 22/22 MP: 4/6
   556 | D:1      | Found a faded altar of an unknown god.
  1315 | D:2      | Reached XP level 3. HP: 30/30 MP: 4/8
  1666 | D:3      | Learned a level 3 spell: Mephitic Cloud
  1670 | D:3      | Learned a level 3 spell: Conjure Flame
  1673 | D:3      | Learned a level 2 spell: Blink
  2302 | D:3      | Found a blossoming altar of Fedhas.
  2302 | D:3      | Found an ancient bone altar of Kikubaaqudgha.
  2303 | D:3      | Found a bloodstained altar of Trog.
  2305 | D:3      | Found a shadowy altar of Dithmenos.
  2305 | D:3      | Found a snail-covered altar of Cheibriados.
  2438 | D:3      | Noticed a black bear
  2456 | D:3      | Killed a black bear
  2457 | D:3      | Reached skill level 1 in Fighting
  2457 | D:3      | Reached skill level 4 in Spellcasting
  2457 | D:3      | Reached XP level 4. HP: 32/38 MP: 6/10
  2457 | D:3      | Reached XP level 5. HP: 37/44 MP: 6/11
  3118 | D:4      | You fall into a shaft and drop 2 floors!
  3118 | D:6      | Noticed a kobold brigand
  3127 | D:5      | Entered Level 5 of the Dungeon
  3242 | D:5      | Reached XP level 6. HP: 48/52 MP: 1/12
  3741 | D:4      | Reached skill level 5 in Spellcasting
  3741 | D:4      | Reached XP level 7. HP: 4/61 MP: 3/14
  3741 | D:4      | Slain by an orc

Illustrated notes

Levels and vault maps discovered:
D:1:      onia_arrival_pyramid, layout_loops_ring,
          hellmonk_ecumenical_altar_heavens_door
D:2:      layout_rooms
D:3:      layout_loops_ring, grunt_temple_overflow_open, grunt_ministairs_10,
          hangedman_decor_diamond_cutter
D:4:      layout_basic, nicolae_overflow_hidden_temple,
          minmay_temple_entry_antechambers
D:5:      cheibrodos_quashed, layout_basic, serial_shops, shop, uniq_pikel,
          uniq_eustachio, uniq_ijyb
D:6:      layout_basic, minmay_checkerbox, uniq_menkaure

Skill      XL: |  1  2  3  4  5  6 |
---------------+-------------------+-----
Fighting       | 1 2 |  2.8
Spellcasting   | 4 5 |  5.0
Conjurations   | 2 3 |  3.6
Dodging        | 2 |  2.1
Stealth        | |  3.7
Summonings     | |  1.0
Translocations | |  1.0
Air Magic      | |  0.1

Action                   |  1- 3 |  4- 6 |  7- 9 || total
-------------------------+-------+-------+-------++-------
Melee: Short sword       |    47 |    57 |       ||   104
 Cast: Magic Dart        |    81 |    66 |       ||   147
       Mephitic Cloud    |     1 |       |       ||     1
 Abil: Spit Poison       |    12 |    10 |       ||    22
  Use: Potion            |       |     2 |     1 ||     3
 Stab: Sleeping          |     2 |       |       ||     2
Armor: Robe              |    23 |    30 |       ||    53
Dodge: Dodged            |    33 |    44 |       ||    77

Table legend: (Time is in decaauts)
 A = Elapsed time spent in this place.
 B = Non-inter-level travel time spent in this place.
 C = Inter-level travel time spent in this place.
 D = Time resting spent in this place.
 E = Time spent auto-exploring this place.
 F = Levels seen in this place.
 G = Mean time per level.
                   A        B        C        D        E       F      G
               +--------+--------+--------+--------+--------+-----+--------+
         Total |   4452 |   4386 |     66 |    127 |   3695 |   6 |  742.0 |
       Dungeon |   4452 |   4386 |     66 |    127 |   3695 |   6 |  742.0 |
               +--------+--------+--------+--------+--------+-----+--------+

Top non-repeatable levels by time:
     D:3: 1669 daAuts
     D:1: 1237 daAuts
     D:5: 621 daAuts
     D:2: 565 daAuts
     D:4: 347 daAuts
     D:6: 11 daAuts
